 Dungeon Crawl Stone Soup version 0.25-a0-289-g406d6369f5 (webtiles) character file.

Game seed: 7339971038781386569, levelgen mode: deterministic

961 Holzbalken the Gusty (level 7, -1/50 HPs)
             Began as a Green Draconian Air Elementalist on Dec 13, 2019.
             Was an Initiate of Sif Muna.
             Slain by an orc wizard
             ... wielding a +0 dagger
              (2 damage)
             ... on level 5 of the Dungeon on Dec 14, 2019.
             The game lasted 00:40:16 (6952 turns).

Holzbalken the Gusty (DrAE)                         Turns: 6952, Time: 00:40:17

Health: -1/50      AC:  6    Str: 11    XL:     7   Next: 92%
Magic:  4/13       EV: 13    Int: 17    God:    Sif Muna [......]
Gold:   173        SH:  0    Dex: 11    Spells: 9/14 levels left

rFire    . . .     SeeInvis .   g - +1 dagger (venom)
rCold    . . .     Gourm    .   (no shield)
rNeg     . . .     Faith    .   (armour unavailable)
rPois    +         Spirit   .   (helmet restricted)
rElec    .         Reflect  .   (no cloak)
rCorr    .         Harm     .   (no gloves)
MR       .....                  (no boots)
Stlth    ++........             (no amulet)
HPRegen  0.16/turn              v - ring of wizardry
MPRegen  0.13/turn              (no ring)

@: no status effects
A: breathe noxious fumes, unfitting armour, poison resistance, cold-blooded, AC
+6
a: Breathe Noxious Fumes, Renounce Religion


You were on level 5 of the Dungeon.
You worshipped Sif Muna.
Sif Muna was noncommittal.
You were not hungry.

You visited 1 branch of the dungeon, and saw 5 of its levels.
You also visited: Sewer.

You collected 173 gold pieces.

Inventory:

Hand Weapons
 c - a cursed -3 short sword
   (You found it on level 1 of the Dungeon)
 g - a +1 dagger of venom (weapon)
   (You took it off Robin on level 2 of the Dungeon)
 r - a +2 vampiric whip {!w}
   (You took it off a kobold on level 3 of the Dungeon)
Jewellery
 b - an uncursed ring of fire {unknown}
   (You found it on level 5 of the Dungeon)
 v - a ring of wizardry (left hand)
   (You found it on level 5 of the Dungeon)
Wands
 d - a wand of iceblast (14)
   (You found it in a sewer)
 i - a wand of polymorph (9)
   (You found it on level 2 of the Dungeon)
Scrolls
 p - 2 scrolls of remove curse {@r2}
Potions
 a - 3 potions of lignification {!q}
 f - a potion of magic {unknown}
 j - a potion of invisibility {unknown}
 k - a potion of agility
 l - 4 potions of curing {@q1}
 m - a potion of might {unknown}
 n - a potion of degeneration {unknown}
 o - 3 potions of haste {@q3}
 s - 2 potions of mutation {unknown}
 u - a potion of flight {unknown}
Comestibles
 e - 9 rations {!d}


   Skills:
 + Level 4.0 Dodging
 - Level 1.7 Stealth
 + Level 4.1 Spellcasting
 + Level 4.0 Conjurations
 * Level 6.5 Air Magic


You had 9 spell levels left.
You knew the following spells:

 Your Spells              Type           Power        Failure   Level  Hunger
a - Shock                 Conj/Air       ###.         1%          1    None
b - Airstrike             Air            ####......   4%          4    ####...

Your spell library contained the following spells:

 Spells                   Type           Power        Failure   Level  Hunger
 Swiftness                Chrm/Air       ##......     2%          2    ##.....
 Static Discharge         Conj/Air       ###.....     2%          3    ###....
 Lightning Bolt           Conj/Air       ###.......   21%         5    ######.


Dungeon Overview and Level Annotations

Branches:
Dungeon (5/15)              Sewer (visited)
 Temple: D:4-7

Altars:
Fedhas
Kikubaaqudgha
Nemelex Xobeh
Sif Muna
Trog
Wu Jian
Xom

Shops:
D:5 }


Innate Abilities, Weirdness & Mutations

You can breathe blasts of noxious fumes.
Your lurid green scales are hard. (AC +6)
You cannot fit into any form of body armour.
Your system is resistant to poisons. (rPois)
You are cold-blooded and may be slowed by cold attacks.


Message History

The giant cockroach zombie bites you but does no damage.
The crimson imp blinks!
You hit the giant cockroach zombie. The orc hits you with a +0 club.
* * * LOW HITPOINT WARNING * * *
You hit the orc.
The orc is poisoned.
Your tail-slap misses the orc.
The orc hits you but does no damage.
The giant cockroach zombie bites you but does no damage.
Something hits you but does no damage.
You hit the orc but do no damage. The orc barely misses you. x2
The giant cockroach zombie misses you. Something hits you.
* * * LOW HITPOINT WARNING * * *
The zap hits the orc.
The zap hits the giant cockroach zombie.
You destroy the giant cockroach zombie!
Sif Muna accepts your kill. The orc barely misses you.
You hear some strange, mumbled words.
A magic dart appears from out of thin air!
The magic dart hits you.
* * * LOW HITPOINT WARNING * * *
The orc hits you but does no damage.
The zap hits the orc.
You kill the orc!
Sif Muna accepts your kill. Something hits you but does no damage.
The orc closely misses you.
The zap misses the crimson imp.
You hear some strange, mumbled words.
Something tries to affect you, but you resist.
The crimson imp blinks!
The orc completely misses you. Something hits you but does no damage.
The zap hits something.
The orc hits you but does no damage. Something hits you.
* * * LOW HITPOINT WARNING * * *
The orc hits you with a +1 vampiric war axe.
* * * LOW HITPOINT WARNING * * *
Something hits you but does no damage.
Aim: an orc, wielding a +1 vampiric war axe and wearing a +0 ring mail (heavily wounded, poisoned)
The zap hits the orc.
The orc closely misses you. Something hits you.
* * * LOW HITPOINT WARNING * * *
You hit the orc but do no damage.
The orc looks even sicker.
You kill the orc!
Sif Muna accepts your kill. Something hits you but does no damage.
The crimson imp barely misses you.
You miss the crimson imp. Something hits you.
You die...

#............##..
..##............###.
.....#..........###
.....##.......<..#.
##.....##...........
#.. #..............
##..####.........###.
###.....##.......###
##
#.....@∩..........# .
...###{)5...#####..#
. ##.....# ##.#
##....# ..# #.##..#
#... #..##..# ...
........# ..........#
.....## .....


You could see a crimson imp.

Vanquished Creatures
  Grinder (D:3)
  Purgy (Sewer)
  An ice beast (D:5)
  A jelly (D:5)
  2 orc priests
  A bullfrog skeleton (D:4)
  An orc wizard (D:4)
  Natasha (thrice) (D:3)
  An iguana (D:4)
  4 worker ants
  Robin (D:2)
  4 gnolls (D:4)
  5 adders
  An ooze (D:3)
  5 worms
  4 dart slugs
  3 leopard geckos
  14 orcs
  5 bats
  7 giant cockroaches
  14 goblins
  10 hobgoblins
  8 jackals
  10 kobolds
  A quokka (D:4)
  2 ball pythons
  4 frilled lizards
  A giant cockroach zombie (D:5)
  A leopard gecko skeleton (D:5)
  9 rats
125 creatures vanquished.

Notes
Turn   | Place    | Note
-------+----------+-------------------------------------------
     0 | D:1      | Holzbalken the Draconian Air Elementalist began the quest
                  | for the Orb.
     0 | D:1      | Reached XP level 1. HP: 14/14 MP: 3/3
    75 | D:1      | Reached XP level 2. HP: 20/20 MP: 0/5
   865 | D:1      | Reached XP level 3. HP: 26/26 MP: 6/6
  1993 | D:2      | Noticed Robin
  2007 | D:2      | HP: 1/26 [hobgoblin[Robin] (6)]
  2017 | D:2      | Killed Robin
  2017 | D:2      | Reached XP level 4. HP: 28/33 MP: 0/7
  2422 | D:3      | Noticed Natasha
  2432 | D:3      | Reached skill level 4 in Air Magic
  2439 | D:3      | Killed Natasha
  2671 | D:3      | Found a glowing drain.
  2681 | Sewer    | Entered a sewer
  2859 | Sewer    | Noticed Purgy
  2889 | Sewer    | Killed Purgy
  2889 | Sewer    | Reached XP level 5. HP: 11/38 MP: 0/9
  3274 | D:3      | Found a bloodstained altar of Trog.
  3276 | D:3      | Found a blossoming altar of Fedhas.
  3278 | D:3      | Found an ornate altar of the Wu Jian Council.
  3796 | D:3      | Noticed Grinder
  3839 | D:3      | Reached XP level 6. HP: 43/45 MP: 0/10
  4104 | D:3      | Noticed Natasha
  4275 | D:3      | Killed Natasha
  4275 | D:3      | Reached skill level 5 in Air Magic
  4522 | D:3      | Killed Grinder
  4637 | D:3      | Your scales start taking on a lurid green colour.
  4637 | D:3      | Reached XP level 7. HP: 48/50 MP: 8/12
  4637 | D:3      | Gained mutation: Your system is resistant to poisons.
                  | (rPois) [Green Draconian growth]
  4663 | D:3      | Noticed Natasha
  4672 | D:3      | Killed Natasha
  5288 | D:4      | Found a sparkling altar of Nemelex Xobeh.
  5556 | D:4      | Reached skill level 6 in Air Magic
  5854 | D:4      | Found an ancient bone altar of Kikubaaqudgha.
  5855 | D:4      | Found a shimmering altar of Xom.
  5856 | D:4      | Found a shimmering blue altar of Sif Muna.
  5864 | D:4      | Became a worshipper of Sif Muna the Loreminder
  6515 | D:5      | Entered Level 5 of the Dungeon
  6538 | D:5      | Learned a level 4 spell: Airstrike
  6920 | D:5      | Found Ihykk's Gadget Shoppe.
  6949 | D:5      | HP: 1/50 [orc/+1 vampiric war axe (6)]
  6952 | D:5      | Slain by an orc wizard

Levels and vault maps discovered:
D:1:      dpeg_arrival_pits, layout_loops_ring
D:2:      layout_loops_corners, first_ration, uniq_robin
D:3:      layout_basic, grunt_temple_overflow_diamond, portal_sewer_entry_b,
          uniq_natasha, uniq_grinder
D:4:      layout_layer_cave, chequers_temple_overflow_statue_of_worship,
          kennysheep_little_box
D:5:      layout_layer_cave, serial_shops, shop, uniq_sigmund, uniq_menkaure

Skill      XL: |  1  2  3  4  5  6  7 |
---------------+----------------------+-----
Dodging        | 2 3 4 |  4.0
Conjurations   | 2 3 4 |  4.0
Air Magic      | 4 5 6 |  6.5
Spellcasting   | 3 4 |  4.1
Stealth        | |  1.7

Action                   |  1- 3 |  4- 6 |  7- 9 || total
-------------------------+-------+-------+-------++-------
Melee: Unarmed           |     7 |       |       ||     7
       Whip              |    12 |     2 |       ||    14
       Tailslap          |     2 |     2 |    11 ||    15
       Dagger            |       |    38 |    56 ||    94
 Cast: Shock             |    73 |    89 |    91 ||   253
       Airstrike         |       |       |     2 ||     2
 Abil: Breathe Noxious F |       |       |     1 ||     1
  Use: Potion            |     1 |       |       ||     1
       Scroll            |       |     1 |     8 ||     9
  Eat: Chunk             |     4 |     8 |     5 ||    17
       Ration            |       |       |     2 ||     2
Armor: Skin              |    12 |    41 |    31 ||    84
Dodge: Dodged            |    28 |    64 |    72 ||   164

Table legend:
 A = Non-vault XP
 B = Vault XP
 C = Vault XP percentage of total XP
 D = Non-vault monster count
 E = Vault monster count
 F = Vault count percentage of total count
                 A         B        C        D         E       F
            +---------+---------+-------+---------+---------+-------
      Total |     868 |     506 |  36.8 |     100 |      25 |  20.0
            +---------+---------+-------+---------+---------+-------
        D:1 |      58 |       0 |   0.0 |      31 |       0 |   0.0
        D:2 |      13 |      38 |  74.5 |       7 |      13 |  65.0
        D:3 |     240 |     325 |  57.5 |      32 |       6 |  15.8
        D:4 |     341 |       0 |   0.0 |      22 |       0 |   0.0
        D:5 |     216 |       0 |   0.0 |       8 |       0 |   0.0
      Sewer |       0 |     143 | 100.0 |       0 |       6 | 100.0
            +---------+---------+-------+---------+---------+-------
